 Dungeon Crawl Stone Soup version 0.27-a0-1590-g15f69828bf (webtiles) character file.

Game seed: 8402801816252570127

37 Sobieck the Sneak (level 3, 0/15 HPs)
             Began as a Felid Earth Elementalist on July 18, 2021.
             Succumbed to a goblin's poison
             ... on level 2 of the Dungeon.
             The game lasted 00:08:38 (3067 turns).

Sobieck the Sneak (Felid Earth Elementalist)        Turns: 3067, Time: 00:08:38

Health: 0/15       AC:  1    Str:  6    XL:     3   Next: 23%
Magic:  7/7        EV: 18    Int: 17    God:
Gold:   84         SH:  0    Dex: 16    Spells: 0/6 levels left
                                        Lives:  0   Deaths: 1

rFire    . . .     SeeInvis +     - Unarmed
rCold    . . .     Faith    .   (shield unavailable)
rNeg     . . .     Spirit   .   (armour unavailable)
rPois    .         Reflect  .   (helmet unavailable)
rElec    .         Harm     .   (cloak unavailable)
rCorr    .         Rampage  .   (gloves unavailable)
Will     .....     Rnd*Rage +   (boots unavailable)
Stlth    +++.......             (no amulet)
HPRegen  0.05/turn              (no ring)
MPRegen  0.10/turn              (no ring)

@: lethally poisoned (0 -> -3), quick
A: very small, claws 1, fangs 3, see invisible, speed 1, shaggy fur 1, stealthy
paws, no weapons or thrown items, no armour, multi-lived, berserk 1, strong 1,
wild magic 1
a: no special abilities


You were on level 2 of the Dungeon.
You visited 1 branch of the dungeon, and saw 3 of its levels.

You collected 84 gold pieces.


Innate Abilities, Weirdness & Mutations

You have sharp claws.
You have razor-sharp teeth.
You have supernaturally acute eyesight. (SInv)
You cover ground quickly. (Speed+)
You are covered in fur. (AC +1)
Your paws help you pounce on unaware monsters.
You are incapable of wielding weapons or throwing items.
You cannot wear armour.
You gain extra lives every three experience levels.
You tend to lose your temper in combat.
Your muscles are strong. (Str +2)
Your spells are a little harder to cast, but a little more powerful.


   Skills:
 - Level 1.0 Fighting
 + Level 3.8 Dodging
 + Level 3.9 Stealth
 - Level 1.0 Unarmed Combat
 - Level 2.0 Spellcasting
 - Level 1.1 Transmutations
 + Level 3.3 Earth Magic


You couldn't memorise any spells.
You knew the following spells:

 Your Spells              Type           Power      Damage    Failure   Level
a - Sandblast             Erth           34%        2d9       8%          1
b - Passwall              Tmut/Erth      10%        N/A       17%         2
c - Stone Arrow           Conj/Erth      18%        3d8       36%         3

Your spell library contained the following spells:

 Spells                   Type           Power      Damage    Failure   Level
 Petrify                  Tmut/Erth      12%        N/A       69%         4

Inventory:

Jewellery
 a - a +6 ring of dexterity
   (You found it on level 1 of the Dungeon)
Scrolls
 b - a scroll of enchant weapon {unknown}
 d - a scroll of noise {unknown}
 e - a scroll of identify {unknown}
 f - a scroll of blinking {unknown}
Potions
 g - a potion of magic {unknown}
 h - a potion of berserk rage {unknown}

Dungeon Overview and Level Annotations

Branches:
Dungeon (3/15)

Altars:
Ru

Shops:
D:1

: ######
#....# ####
#....#### ...#
#.......# ...#
#.......# ...#
#.@.....## ##
...#######
#........##...
..........
+.............
...#######
#........#....
####
#.............
#....#.#.##...
#........#
####
#######.##.#.#
....
...........#.#


There were no monsters in sight!


Message History

You don't have any stones to cast with.
The scorpion closely misses you.
You climb upwards.
There is a stone staircase leading down here.
You closely miss the scorpion. The scorpion barely misses you.
You barely miss the scorpion. The scorpion stings you!
* * * LOW HITPOINT WARNING * * *
😱 HP[-9] MP[+1]
You take 9 damage, and now have 3/19 hp.
MASSIVE DAMAGE!! (PAUSE)
You closely miss the scorpion. The scorpion stings you.
You die...
You are now level 3!
You rejoin the land of the living... 😎 HP[+12] MP[+5]
You now have 15 max hp (-4).
Your hp is fully restored (15).
Your mp is fully restored (7).
Unknown command.
Unknown command.
Done exploring.
(D) Dungeon
Where to? (Enter - D:2, ? - help)
There is a stone staircase leading down here.
You climb downwards.
There is a stone staircase leading up here.
Found an escape hatch in the floor.
A goblin comes into view. It is wielding a +0 dagger.
A kobold comes into view. It is wielding a +0 dagger.
The kobold shouts!
You hear a shout!
The kobold moves out of view.
The goblin shouts!
You scratch the goblin.
You kill the goblin!
The kobold misses you.
You miss the kobold. The kobold barely misses you.
You scratch the kobold. The kobold closely misses you.
You barely miss the kobold. Your bite misses the kobold.
The kobold hits you with a +0 dagger. 😮 HP[-4]
You take 4 damage, and now have 11/15 hp.
MASSIVE DAMAGE!! (PAUSE)
You scratch the kobold.
You kill the kobold!
b - a scroll labelled FAKHUH FUCELA You now have 84 gold pieces (gained 19).
You see here a +0 dagger {short}.
You start resting.
A goblin comes into view.
It is wielding a +0 dagger of venom. 😕 HP[+3]
You regained 3 hp, and now have 14/15 hp.
Unknown command. 😎 HP[+1]
Your hp is fully restored (15).
The goblin shouts!
The goblin barely misses you.
You barely miss the goblin.
The goblin hits you with a +0 dagger of venom.
You are lethally poisoned! 😕 HP[-3]
You take 3 damage, and now have 12/15 hp.
You scratch the goblin.
You feel very sick. The goblin misses you. 😮 HP[-3]
You take 3 damage, and now have 9/15 hp.
You scratch the goblin but do no damage.
* * * LOW HITPOINT WARNING * * *
You feel very sick. The goblin barely misses you. 😨 HP[-3]
You take 3 damage, and now have 6/15 hp.
You scratch the goblin.
* * * LOW HITPOINT WARNING * * *
You feel sick. The goblin closely misses you. 😨 HP[-1]
You take 1 damage, and now have 5/15 hp.
Unknown command.
You scratch the goblin.
You kill the goblin!
* * * LOW HITPOINT WARNING * * *
You feel sick. 😱 HP[-2]
You take 2 damage, and now have 3/15 hp.
* * * LOW HITPOINT WARNING * * *
You feel sick.
Things that are here:
a +0 dagger of venom {short}; a scroll labelled JOTEIW ZISTREQ 😱 HP[-1]
You take 1 damage, and now have 2/15 hp.
Unknown command.
* * * LOW HITPOINT WARNING * * *
You feel sick.
Things that are here:
a +0 dagger of venom {short}; a scroll labelled JOTEIW ZISTREQ 😱 HP[-1]
You take 1 damage, and now have 1/15 hp.
It was a potion of mutation.
You feel extremely strange.
You feel a little pissed off.
You feel stronger.
You feel less in control of your magic.
You die...

Skill      XL: |  1  2 |
---------------+-------+-----
Stealth        | 3 |  3.9
Dodging        | 3 |  3.8
Fighting       | 1 |  1.0
Unarmed Combat | 1 |  1.0
Earth Magic    | 3 |  3.3
Spellcasting   | |  2.0
Transmutations | |  1.1

Action                   |  1- 3 |  4- 6 || total
-------------------------+-------+-------++-------
Melee: Unarmed           |    72 |    15 ||    87
       Bite              |     4 |     1 ||     5
 Cast: Sandblast         |    28 |     7 ||    35
       Passwall          |     9 |       ||     9
  Use: Potion            |     1 |       ||     1
 Stab: Sleeping          |     7 |     2 ||     9
Armor: Skin              |     3 |     1 ||     4
Dodge: Dodged            |    62 |    14 ||    76

Levels and vault maps discovered:
D:1:      beargit_arrival_greenhouse, layout_loops_corners, serial_shops, shop,
          dreamdust_ecumenical_altar_angels_and_demons, minmay_hexomino_r4
D:2:      layout_basic, minmay_joined_circles
D:3:      layout_basic

Notes
Turn   | Place    | Note
-------+----------+-------------------------------------------
     0 | D:1      | Sobieck the Felid Earth Elementalist began the quest for
                  | the Orb.
     0 | D:1      | Reached XP level 1. HP: 7/7 MP: 4/4
     0 | D:1      | magus.rc [v1.9.6]
   163 | D:1      | Found Kynterri's Book Boutique.
   765 | D:1      | Reached skill level 3 in Stealth
   765 | D:1      | Reached XP level 2. HP: 12/12 MP: 4/6
   841 | D:1      | Found a sacrificial altar of Ru.
   882 | D:1      | Learned a level 2 spell: Passwall
  1477 | D:1      | Reached skill level 3 in Dodging
  2101 | D:1      | Found a faded altar of an unknown god.
  2562 | D:2      | Reached skill level 1 in Fighting
  2562 | D:2      | Reached skill level 1 in Unarmed Combat
  2568 | D:2      | Reached skill level 3 in Earth Magic
  2568 | D:2      | Reached XP level 3. HP: 14/15 MP: 4/7
  2654 | D:2      | Reached XP level 4. HP: 11/19 MP: 0/8
  2789 | D:2      | Learned a level 3 spell: Stone Arrow
  2842 | D:2      | Noticed a scorpion
  2884 | D:1      | HP: 3/19 [scorpion (9)]
  2885 | D:1      | Slain by a scorpion
  2886 | D:1      | Reached XP level 3. HP: -1/15 MP: 2/7
  3063 | D:2      | HP: 3/15 [poisoned by a goblin]
  3066 | D:2      | HP: 1/15 [poisoned by a goblin]
  3067 | D:2      | Gained mutation: You tend to lose your temper in combat.
                  | [potion of mutation]
  3067 | D:2      | Gained mutation: Your muscles are strong. (Str +2) [potion
                  | of mutation]
  3067 | D:2      | Gained mutation: Your spells are a little harder to cast,
                  | but a little more powerful. [potion of mutation]
  3067 | D:2      | Succumbed to a goblin's poison

Vanquished Creatures
  3 gnolls (D:2)
  An adder (D:2)
  2 ball pythons (D:1)
  3 endoplasms (D:2)
  3 hobgoblins
  5 jackals (D:1)
  A quokka (D:1)
  5 bats
  4 frilled lizards (D:1)
  5 goblins
  7 kobolds
  4 rats
43 creatures vanquished.

Table legend:
 A = Non-vault XP
 B = Vault XP
 C = Vault XP percentage of total XP
 D = Non-vault monster count
 E = Vault monster count
 F = Vault count percentage of total count
                 A         B        C        D         E       F
            +---------+---------+-------+---------+---------+-------
      Total |      97 |      21 |  17.8 |      31 |      12 |  27.9
            +---------+---------+-------+---------+---------+-------
        D:1 |      31 |       4 |  11.4 |      21 |       3 |  12.5
        D:2 |      66 |      17 |  20.5 |      10 |       9 |  47.4
            +---------+---------+-------+---------+---------+-------

Illustrated notes

Table legend:
 A = Kills in this place as a percentage of kills in entire the game.
 B = Kills by you in this place as a percentage of kills by you in the entire game.
 C = Kills by friends in this place as a percentage of kills by friends in the entire game.
 D = Other kills in this place as a percentage of other kills in the entire game.
 E = Experience gained in this place as a percentage of experience gained in the entire game.
 F = Experience gained in this place divided by the number of levels of this place that you have seen.
                   A       B       C       D       E      F
               +-------+-------+-------+-------+-------+----------------------
         Total | 100.0 | 100.0 |   N/A |   N/A | 100.0 |  39.3
       Dungeon | 100.0 | 100.0 |   N/A |   N/A | 100.0 |  39.3
               +-------+-------+-------+-------+-------+----------------------

Table legend: (Time is in decaauts)
 A = Elapsed time spent in this place.
 B = Non-inter-level travel time spent in this place.
 C = Inter-level travel time spent in this place.
 D = Time resting spent in this place.
 E = Time spent auto-exploring this place.
 F = Levels seen in this place.
 G = Mean time per level.
                   A        B        C        D        E       F      G
               +--------+--------+--------+--------+--------+-----+--------+
         Total |   2781 |   2709 |     72 |   1392 |    794 |   3 |  927.0 |
       Dungeon |   2781 |   2709 |     72 |   1392 |    794 |   3 |  927.0 |
               +--------+--------+--------+--------+--------+-----+--------+

Top non-repeatable levels by time:
     D:1: 2066 daAuts
     D:2: 713 daAuts
     D:3: 1 daAuts
